 Dungeon Crawl Stone Soup version 0.25-a0-317-g5f8687bca5 (webtiles) character file.

Game seed: 2917811841572078326, levelgen mode: deterministic

977 Esekla the Sneak (level 8, 0/40 HPs)
             Began as a Vine Stalker Assassin on Dec 26, 2019.
             Slain by a hornet zombie (5 damage)
             ... on level 8 of the Dungeon.
             The game lasted 00:20:27 (3558 turns).

Esekla the Sneak (Vine Stalker Assassin)            Turns: 3558, Time: 00:20:28

Health: 0/40       AC:  4    Str: 14    XL:     8   Next: 17%
Magic:  0/14       EV: 13    Int: 15    God:
Gold:   210        SH:  0    Dex: 16    Spells: 14/14 levels left

rFire    . . .     SeeInvis +   t - +5 dagger
rCold    . . .     Gourm    .   (no shield)
rNeg     . . .     Faith    .   b - +0 robe
rPois    .         Spirit   +   (no helmet)
rElec    .         Reflect  .   c - +0 cloak
rCorr    .         Harm     .   y - +0 pair of gloves
MR       +....                  (no boots)
Stlth    ++++......             (no amulet)
HPRegen  0.53/turn              r - ring of see invisible
MPRegen  0.14/turn              s - +2 ring of intelligence

@: no status effects
A: fangs 3, regeneration 1, magic shield, antimagic bite, no potion heal 3, rot
immunity
a: no special abilities


You were on level 8 of the Dungeon.
You were very hungry.

You visited 1 branch of the dungeon, and saw 7 of its levels.

You collected 210 gold pieces.

Inventory:

Hand Weapons
 a - a +2 dagger
 t - a +5 dagger (weapon)
 u - a +0 trident
Missiles
 d - 20 poisoned darts (quivered)
 e - 2 curare-tipped darts
 g - 8 atropa-tipped darts
Armour
 b - a +0 robe (worn)
 c - a +0 cloak (worn)
 y - a +0 pair of gloves (worn)
Jewellery
 r - a ring of see invisible (left hand)
 s - a +2 ring of intelligence (right hand)
Scrolls
 i - a scroll of fear
 j - a scroll of blinking
 k - a scroll of enchant armour {unknown}
 l - a scroll of acquirement {unknown}
 m - 3 scrolls of teleportation
 q - 2 scrolls of remove curse
 v - a scroll of enchant weapon
 w - a scroll of immolation {unknown}
 x - a scroll of fog {unknown}
 B - a scroll of identify
Potions
 h - 2 potions of might
 n - a potion of berserk rage {unknown}
 o - a potion of heal wounds {unknown}
 p - a potion of lignification {unknown}
 z - a potion of flight
 A - a potion of curing
Comestibles
 f - 8 rations


   Skills:
 + Level 3.1 Fighting
 + Level 4.1 Short Blades
 + Level 3.6 Throwing
 + Level 2.5 Dodging
 + Level 7.3 Stealth
 * Level 3.8 Spellcasting


You had 14 spell levels left.
You didn't know any spells.
Your spell library was empty.

Dungeon Overview and Level Annotations

Branches:
Dungeon (8/15)
 Temple: D:4-7         Lair: D:8-11

Altars:
Elyvilon
Fedhas
Nemelex Xobeh
Qazlal
Ru
Xom
The Shining One


Innate Abilities, Weirdness & Mutations

You have razor-sharp teeth.
Your natural rate of healing is unusually fast.
When hurt, damage is shared between your health and your magic reserves.
Your bite disrupts and absorbs the magic of your enemies.
Potions cannot restore your health.
You are immune to rotting.


Message History

You hit the hornet zombie but do no damage.
You bite the hornet zombie. You drain its power.
You feel invigorated.
The hornet zombie is moderately damaged.
The hornet zombie barely misses you. The hornet zombie hits you!
* * * LOW HITPOINT WARNING * * *
You hit the hornet zombie. Your bite misses the hornet zombie.
The hornet zombie is moderately damaged.
The hornet zombie hits you!
* * * LOW HITPOINT WARNING * * *
Okay, then.
There is an open door here.
You hit the hornet zombie.
You bite the hornet zombie, but do no damage.
The hornet zombie is moderately damaged.
The hornet zombie completely misses you.
The hornet zombie barely misses you.
You hit the hornet zombie. Your bite misses the hornet zombie.
The hornet zombie is heavily damaged.
The hornet zombie hits you.
You die...

#....................≈≈≈≈≈≈;
##+#####...............≈≈≈≈≈
#.#####..(...........≈≈≈h.≈
#....(......)......≈.≈≈≈≈≈h
#######..............≈≈≈≈.h
#..................≈≈≈.≈≈≈.
#.....#...............≈≈≈..≈
#.....#.............≈≈.≈≈≈≈.
#.....#.....@.........≈≈≈≈≈≈
#.....##.####Z####....≈..≈≈≈
#.....##.# #.####...≈...;.≈
#####.....##.#
#..†............
..........##.#
#######.......#
####...(..##.# #.......#
#......##.# #.h.....#
#......##.#### #.......#
#.#.#####....# #.......#


You could see a hornet zombie.

Vanquished Creatures
  2 ogres
  2 centaurs
  2 bullfrogs
  A howler monkey (D:6)
  2 crimson imps
  6 hounds
  A centaur skeleton (D:7)
  An iguana (D:7)
  A worker ant (D:7)
  9 adders
  2 oozes
  3 worms
  2 dart slugs
  2 leopard geckos (D:2)
  4 orcs (D:3)
  2 giant cockroaches
  6 hobgoblins
  A jackal (D:8)
  9 kobolds
  6 bats
  3 frilled lizards
  5 goblins
  6 rats
78 creatures vanquished.

Notes
Turn   | Place    | Note
-------+----------+-------------------------------------------
     0 | D:1      | Esekla the Vine Stalker Assassin began the quest for the
                  | Orb.
     0 | D:1      | Reached XP level 1. HP: 11/11 MP: 2/2
     6 | D:1      | Noticed a crocodile
     6 | D:1      | Noticed a black mamba
     6 | D:1      | Noticed a swamp worm
     6 | D:1      | Noticed a redback
     6 | D:1      | Noticed a wolf
    63 | D:1      | Reached skill level 5 in Stealth
   176 | D:2      | Reached XP level 2. HP: 12/15 MP: 3/3
   239 | D:2      | Found a glowing golden altar of the Shining One.
   259 | D:2      | Reached XP level 3. HP: 14/18 MP: 5/5
   270 | D:2      | Reached skill level 1 in Spellcasting
   609 | D:2      | Reached skill level 6 in Stealth
   870 | D:2      | Found a sacrificial altar of Ru.
   874 | D:2      | Found a white marble altar of Elyvilon.
   889 | D:2      | Gained mutation: Your natural rate of healing is unusually
                  | fast. [Vine Stalker growth]
   889 | D:2      | Reached XP level 4. HP: 16/23 MP: 6/6
   893 | D:2      | Reached skill level 1 in Dodging
  1186 | D:2      | You fall into a shaft and drop 1 floor!
  1286 | D:3      | Found a shimmering altar of Xom.
  1425 | D:3      | Reached XP level 5. HP: 24/26 MP: 8/8
  2064 | D:1      | Found a sparkling altar of Nemelex Xobeh.
  2647 | D:3      | Found a blossoming altar of Fedhas.
  2732 | D:4      | You fall into a shaft and drop 3 floors!
  2792 | D:6      | Reached XP level 6. HP: 4/32 MP: 3/10
  2798 | D:7      | Noticed a black bear
  2885 | D:6      | Found a sparkling altar of Nemelex Xobeh.
  2991 | D:6      | Noticed a yak
  2996 | D:6      | Noticed a yak
  3018 | D:6      | Noticed a yak
  3018 | D:6      | Noticed a yak
  3027 | D:7      | Reached XP level 7. HP: 28/35 MP: 10/12
  3127 | D:7      | Reached skill level 7 in Stealth
  3395 | D:8      | Found a stormy altar of Qazlal.
  3471 | D:8      | Gained mutation: You have razor-sharp teeth. [Vine Stalker
                  | growth]
  3471 | D:8      | Reached XP level 8. HP: 35/40 MP: 12/14
  3558 | D:8      | Slain by a hornet zombie

Levels and vault maps discovered:
D:1:      onia_arrival_zoo_common, layout_loops_corners,
          nemelex_xobeh_ov_fountains_minmay
D:2:      layout_loops_cross, old_standard_altar, grunt_temple_overflow_open,
          first_ration
D:3:      minmay_angry_zag, layout_rooms, fedhas_altar_4, lemuel_doored_altar
D:4:      black_bear_nest_1, layout_rooms, kennysheep_slug_shrine,
          eat_drink_and_be_merry_uskayaw, uniq_ijyb
D:6:      layout_loops_ring, minmay_temple_entry_proselytizer,
          hangedman_abyss_or_decor_jellyfish_corner, nemelex_dance_club_becter,
          uniq_duvessa
D:7:      layout_basic, the_bakery, grunt_gozag_statues
D:8:      layout_basic, lemuel_round_altar, erik_lair_island, basic_altar,
          minivault_25

Skill      XL: |  1  2  3  4  5  6  7  8 |
---------------+-------------------------+-----
Stealth        | 5 6 7 |  7.3
Spellcasting   | 1 2 3 |  3.8
Throwing       | 2 3 |  3.6
Dodging        | 1 2 |  2.5
Short Blades   | 2 3 4 |  4.1
Fighting       | 2 3 |  3.1

Action                   |  1- 3 |  4- 6 |  7- 9 || total
-------------------------+-------+-------+-------++-------
Melee: Dagger            |    48 |   147 |   104 ||   299
       Bite              |    11 |    34 |    32 ||    77
Throw: Dart              |    14 |    37 |     8 ||    59
  Use: Scroll            |       |     7 |       ||     7
 Stab: Sleeping          |     5 |     5 |     1 ||    11
  Eat: Chunk             |       |     4 |       ||     4
       Ration            |       |     1 |       ||     1
Armor: Robe              |     8 |    12 |     8 ||    28
Dodge: Dodged            |    22 |    75 |    64 ||   161

Table legend:
 A = Non-vault XP
 B = Vault XP
 C = Vault XP percentage of total XP
 D = Non-vault monster count
 E = Vault monster count
 F = Vault count percentage of total count
                 A         B        C        D         E       F
            +---------+---------+-------+---------+---------+-------
      Total |    1034 |     362 |  25.9 |      66 |      12 |  15.4
            +---------+---------+-------+---------+---------+-------
        D:1 |      14 |       0 |   0.0 |       9 |       0 |   0.0
        D:2 |     103 |       0 |   0.0 |      22 |       0 |   0.0
        D:3 |      73 |      22 |  23.2 |      21 |       5 |  19.2
        D:6 |     193 |     123 |  38.9 |       3 |       2 |  40.0
        D:7 |     370 |       0 |   0.0 |       7 |       0 |   0.0
        D:8 |     281 |     217 |  43.6 |       4 |       5 |  55.6
            +---------+---------+-------+---------+---------+-------
